 Dungeon Crawl Stone Soup version 0.17-a0-1778-gd369669 (webtiles) character file.

513 ololoev the Poker (level 7, 55/55 HPs)
             Began as a Pale Draconian Skald on Sept 8, 2015.
             Was a Follower of Nemelex Xobeh.
             Quit the game on level 5 of the Dungeon.
             The game lasted 00:10:46 (4708 turns).

ololoev the Poker (Pale Draconian Skald)            Turns: 4708, Time: 00:10:47

Health: 55/55      AC:  9    Str: 15    XL:     7   Next: 0%
Magic:  10/10      EV: 12    Int: 12    God:    Nemelex Xobeh [*.....]
Gold:   42         SH:  6    Dex: 12    Spells: 2 memorised, 7 levels left

rFire  . . .     SeeInvis .     a - +1 trident
rCold  . . .     Clarity  .     (armour unavailable)
rNeg   . . .     SustAt   .     n - +1 buckler {AC+3}
rPois  .         Gourm    .     (helmet restricted)
rElec  .         Spirit   .     (no cloak)
rCorr  .         Warding  .     (no gloves)
rMut   .         Stasis   .     (no boots)
MR     .....                    (no amulet)
Stlth  +.........               (no ring)
                                (no ring)

@: not resistant to hostile enchantments, very unstealthy
A: breathe steam, unfitting armour, cold-blooded, AC +6
a: Breathe Steam, Renounce Religion


Innate Abilities, Weirdness & Mutations

You can breathe blasts of scalding, opaque steam.
Your pale cyan-grey scales are hard (AC +6).
Your body does not fit into most forms of armour.
You are cold-blooded and may be slowed by cold attacks.

Inventory:

Hand weapons
 a - a +1 trident (weapon)
Armour
 n - a +1 buckler of protection (worn)
Scrolls
 e - 6 scrolls of remove curse
 f - 3 scrolls of identify
 h - a scroll of noise {unknown}
 j - a scroll of enchant weapon
 k - 2 scrolls of teleportation {unknown}
 r - 4 scrolls of fear {unknown}
 t - 2 scrolls of blinking
 w - a scroll of enchant armour {unknown}
 x - 2 scrolls of recharging
Potions
 g - a potion of mutation {unknown}
 i - a potion of curing {unknown}
 l - a potion of heal wounds {unknown}
 m - a potion of degeneration {unknown}
 o - a potion of magic {unknown}
 p - a potion of cure mutation
 q - a potion of haste
 s - a potion of cancellation {unknown}
 z - a potion of ambrosia {unknown}
Books
 b - a book of Battle

   Spells                             Type                      Level
   a - Infusion                       Charms                       1
   b - Shroud of Golubria             Charms/Translocation         2
   c - Song of Slaying                Charms                       2
   d - Spectral Weapon                Hexes/Charms                 3
   e - Regeneration                   Charms/Necromancy            3
Miscellaneous
 u - a plain deck of destruction {drawn: 1}
Comestibles
 c - 4 bread rations
 d - a slice of pizza
 v - 8 chunks of flesh


   Skills:
 - Level 2.1 Fighting
 + Level 5.4 Polearms
 - Level 1.3 Dodging
 * Level 4.2 Shields
 - Level 2.0 Spellcasting
 - Level 2.6 Charms
 + Level 2.9 Evocations


You had 7 spell levels left.
You knew the following spells:

 Your Spells              Type           Power        Failure   Level  Hunger
a - Infusion              Chrm           #.....       12%         1    ##.....
b - Song of Slaying       Chrm           #.......     14%         2    ###....


You were on level 5 of the Dungeon.
You worshipped Nemelex Xobeh.
Nemelex Xobeh was aware of your devotion.
You were not hungry.

You visited 1 branch of the dungeon, and saw 5 of its levels.

You collected 232 gold pieces.
You spent 190 gold pieces at shops.

#..................
#........§§§........
......###§§.........
.....§###§§........
....§.§....§§.....
....§§......§..#
....§.§...§...##
....§......§...##
[....§§§.§§@§...#
#.....§.§..E.......
##.................
#...).............
##................
#................
................
##.$...........

Notes
Turn   | Place    | Note
--------------------------------------------------------------
     0 | D:1      | ololoev the Draconian Skald began the quest for the Orb.
     0 | D:1      | Reached XP level 1. HP: 17/17 MP: 3/3
   218 | D:1      | Reached XP level 2. HP: 24/24 MP: 0/5
   273 | D:1      | Learned a level 2 spell: Song of Slaying
   362 | D:1      | Reached skill level 3 in Polearms
   898 | D:2      | Reached XP level 3. HP: 26/29 MP: 0/6
  1049 | D:2      | Reached skill level 4 in Polearms
  1360 | D:2      | Reached XP level 4. HP: 29/36 MP: 7/7
  1439 | D:2      | Found a sparkling altar of Nemelex Xobeh.
  1470 | D:2      | Became a worshipper of Nemelex Xobeh the Trickster
  1665 | D:2      | Received a gift from Nemelex Xobeh
  1857 | D:2      | Noticed Natasha
  1860 | D:2      | Killed Natasha
  1860 | D:2      | Reached skill level 1 in Shields
  2014 | D:2      | Reached skill level 1 in Evocations
  2187 | D:2      | Reached XP level 5. HP: 29/41 MP: 1/8
  2436 | D:2      | Noticed Terence
  2487 | D:2      | Killed Terence
  2738 | D:3      | Found a shattered altar of Ashenzari.
  3124 | D:3      | Received a gift from Nemelex Xobeh
  3715 | D:4      | Reached XP level 6. HP: 33/48 MP: 6/9
  3736 | D:4      | Reached skill level 5 in Polearms
  3985 | D:4      | Found a stormy altar of Qazlal.
  3985 | D:4      | Found a basalt altar of Yredelemnul.
  4117 | D:4      | Noticed Eustachio
  4514 | D:5      | Entered Level 5 of the Dungeon
  4519 | D:5      | Found a blossoming altar of Fedhas.
  4519 | D:5      | Found a bloodstained altar of Trog.
  4523 | D:5      | Received a gift from Nemelex Xobeh
  4613 | D:5      | Found Ofustyxo's General Store.
  4624 | D:5      | Bought a scroll of identify for 20 gold pieces
  4624 | D:5      | Bought a scroll of recharging for 95 gold pieces
  4624 | D:5      | Bought a scroll of blinking for 75 gold pieces
  4641 | D:5      | Found a burning altar of Makhleb.
  4641 | D:5      | Noticed a balrug
  4666 | D:5      | Found a staircase to the Ecumenical Temple.
  4707 | D:5      | Your scales start taking on a pale cyan-grey colour.
  4707 | D:5      | Reached XP level 7. HP: 55/55 MP: 10/10
  4708 | D:5      | Quit the game

Dungeon Overview and Level Annotations

Branches:
Dungeon (5/15)             Temple (0/1) D:5

Altars:
Ashenzari
Fedhas
Makhleb
Nemelex Xobeh
Qazlal
Trog
Yredelemnul

Shops:
D:5 *

Annotations:
D:4 Eustachio


Message History

No target in view!
x - 2 scrolls of recharging (gained 1)
Found an escape hatch in the ceiling.
HP restored.
Found a ring mail and a trident.
A sky beast comes into view.
Evoke which item? (* to show all) (? for menu, Esc to quit)
You draw a card...
It is the Storm.
A fierce wind blows from the card.
Your air elemental is blown away by the wind.
Lightning arcs down from a storm cloud! x3
A worker ant comes into view.
You hear a shout!
Lightning arcs down from a storm cloud!
Your air elemental hits the sky beast! x2
The sky beast dies!
Your Shields skill increases to level 4!
Lightning arcs down from a storm cloud! x2
Lightning arcs down from a storm cloud! x3
You hear a shout! x4
The worker ant bites you but does no damage.
Lightning arcs down from a storm cloud!
You barely miss the worker ant.
Your tail-slap misses the worker ant.
Your air elemental hits the worker ant.
Your air elemental hits the worker ant!
The worker ant closely misses your air elemental.
Lightning arcs down from a storm cloud! x2
A centaur skeleton comes into view.
You hit the worker ant but do no damage.
The worker ant is severely wounded.
Your air elemental hits the worker ant. x2
The worker ant dies!
Lightning arcs down from a storm cloud! x2
Your air elemental hits the centaur skeleton!
Your air elemental hits the centaur skeleton. x2
Lightning arcs down from a storm cloud!
Found 12 gold pieces.
You puncture the centaur skeleton!
You destroy the centaur skeleton!
You have reached level 7!
Your scales start taking on a pale cyan-grey colour.
Are you sure you want to abandon this character and quit the game? (Confirm with "yes".)

You could see a friendly air elemental.

Vanquished Creatures
  A hound (D:5)
  A centaur skeleton (D:5)
  An orc priest (D:4)
  An orc wizard (D:4)
  Terence (D:2)
  Natasha (D:2)
  2 worker ants
  9 adders
  A shadow imp (D:5)
  2 oozes
  5 worms
  5 giant geckos
  9 orcs
  2 ball pythons
  3 giant cockroaches
  8 goblins
  8 hobgoblins
  2 jackals (D:1)
  6 quokkas
  6 bats
  A giant gecko skeleton (D:4)
  3 giant newts
  7 kobolds
  A quokka skeleton (D:5)
  7 rats
93 creatures vanquished.

Vanquished Creatures (collateral kills)
  A sky beast (D:5)
  2 orc priests (D:4)
  A worker ant (D:5)
4 creatures vanquished.

Grand Total: 97 creatures vanquished

Action                   |  1- 3 |  4- 6 |  7- 9 || total
-------------------------+-------+-------+-------++-------
Melee: Spear             |   118 |   136 |       ||   254
       Trident           |       |   124 |       ||   124
 Cast: Infusion          |     5 |    15 |       ||    20
       Song of Slaying   |     2 |     7 |       ||     9
Evoke: Deck              |       |    13 |       ||    13
  Use: Scroll            |       |     4 |       ||     4
 Stab: Sleeping          |     2 |     1 |       ||     3
       Distracted        |       |     1 |       ||     1
  Eat: Chunk             |     2 |     9 |       ||    11
       Meat ration       |       |     1 |       ||     1

Vault maps used:
D:1:      shiori_shiawase, minivault_23, nrook_mini_vaults
D:2:      hangedman_feature_mirror, nemelex_diamond_rough_becter, uniq_natasha,
          uniq_terence
D:3:      nicolae_overflow_crystal_walls, first_bread
D:4:      amethyst_overflow_temple_binary, uniq_eustachio
D:5:      nicolae_ru_path_of_blood, makhleb_altar_promises_db,
          gammafunk_temple_overflow_wave, minmay_temple_entry_trees,
          serial_shops, shop, shop, shop
